 Dungeon Crawl Stone Soup version 0.16-a0-3518-gebcadde (webtiles) character file.

126 Gronka the Sneak (level 4, 0/23 HPs)
             Began as a Spriggan Assassin on Jan 6, 2015.
             Slain by a water moccasin zombie (4 damage)
             ... on level 4 of the Dungeon.
             The game lasted 00:10:41 (1592 turns).

Gronka the Sneak (Spriggan Assassin)                Turns: 1592, Time: 00:10:41

Health: 0/23       AC:  4    Str:  8    XL:     4   Next: 84%
Magic:  8/8        EV: 17    Int: 12    God:
Gold:   127        SH:  0    Dex: 17    Spells: 0 memorised, 3 levels left

rFire  . . .     SeeInvis +     a - +2 dagger
rCold  . . .     Clarity  .     c - +1 robe
rNeg   . . .     SustAb   .     (shield restricted)
rPois  .         Gourm    .     (helmet restricted)
rElec  .         Spirit   .     d - +0 cloak
rCorr  .         Warding  .     (gloves unavailable)
rMut   .         Rnd*Tele +     (boots unavailable)
MR     .....                    (no amulet)
Stlth  ++++......               (no ring)
                                h - ring of teleportation (curse)

@: very quick, not resistant to hostile enchantments, stealthy
A: unfitting armour, see invisible, herbivore 3, speed 3, slow metabolism 2
a: Evoke Teleportation


You were on level 4 of the Dungeon.
You were not hungry.

You visited 1 branch of the dungeon, and saw 3 of its levels.

You collected 127 gold pieces.

Inventory:

Hand weapons
 a - a +2 dagger (weapon)
 b - a +0 blowgun
Missiles
 e - 8 poisoned needles
 f - 2 curare-tipped needles
Armour
 c - a +1 robe (worn)
 d - a +0 cloak (worn)
Jewellery
 h - a cursed ring of teleportation (left hand)
Magical devices
 o - a wand of disintegration (13)
Scrolls
 i - a scroll of random uselessness
 j - 3 scrolls of teleportation {unknown}
 m - a scroll of enchant weapon {unknown}
 n - a scroll of amnesia
Potions
 k - a potion of restore abilities {unknown}
 l - 3 potions of curing {unknown}
Comestibles
 g - 2 bread rations


   Skills:
 + Level 1.7 Fighting
 * Level 3.5 Short Blades
 + Level 2.5 Throwing
 + Level 2.4 Dodging
 * Level 7.8 Stealth


You had 3 spell levels left.
You didn't know any spells.

Dungeon Overview and Level Annotations

Branches:
Dungeon (4/15)
 Temple: D:4-7

Altars:
Gozag
Xom


Innate Abilities, Weirdness & Mutations

You are tiny and cannot use many weapons and most armour.
You have supernaturally acute eyesight.
You are a herbivore.
You cover ground extremely quickly.
You need consume almost no food.


Message History

You hit the water moccasin zombie. You hit the water moccasin zombie.
The water moccasin zombie bites you.
You closely miss the water moccasin zombie.
The water moccasin zombie bites you.
You hit the water moccasin zombie but do no damage.
The water moccasin zombie bites you.
* * * LOW HITPOINT WARNING * * *
The centaur skeleton barely misses you.
You hit the water moccasin zombie.
The water moccasin zombie completely misses you.
You barely miss the water moccasin zombie.
The water moccasin zombie misses you.
You hit the water moccasin zombie.
The water moccasin zombie closely misses you.
You hit the water moccasin zombie.
The water moccasin zombie closely misses you.
You closely miss the water moccasin zombie.
The water moccasin zombie barely misses you.
You hit the water moccasin zombie. The water moccasin zombie bites you.
You die...

##.
#..####.#######
..# ##.......#
#.###.#.#.####
#...##.#.#
#.####.#.#
#>.$##.#.#
#...##.#.#
#...##.#.#
##@###.#.# #Z#
#.#.#
#.....Z......#
##..##.#####.#
## #.# ... ≈.≈
≈§≈ .≈≈§≈


You could see a water moccasin zombie and a centaur skeleton.

Vanquished Creatures
  A hound skeleton (D:4)
  A hound zombie (D:4)
  2 adders (D:2)
  3 gnolls
  An adder skeleton (D:4)
  2 giant geckos
  An orc (D:4)
  A bat skeleton (D:4)
  7 goblins
  2 hobgoblins
  4 jackals (D:2)
  5 kobolds
  6 bats
  5 giant newts
  A jackal zombie (D:4)
  10 rats
52 creatures vanquished.

Notes
Turn   | Place    | Note
--------------------------------------------------------------
     0 | D:1      | Gronka, the Spriggan Assassin, began the quest for the Orb.
     0 | D:1      | Reached XP level 1. HP: 10/10 MP: 2/2
    28 | D:1      | Reached skill level 6 in Stealth
   248 | D:1      | Reached XP level 2. HP: 9/14 MP: 4/4
   652 | D:1      | Reached skill level 7 in Stealth
   652 | D:1      | Reached XP level 3. HP: 12/18 MP: 6/6
  1165 | D:2      | Found an opulent altar of Gozag.
  1321 | D:2      | You fall through a shaft for 2 floors!
  1330 | D:4      | Found a shimmering altar of Xom.
  1331 | D:4      | Reached XP level 4. HP: 23/23 MP: 8/8
  1592 | D:4      | Slain by a water moccasin zombie

Action                   |  1- 3 |  4- 6 || total
-------------------------+-------+-------++-------
Melee: Dagger            |   111 |    67 ||   178
 Fire: Blowgun           |     7 |     5 ||    12
  Use: Scroll            |     4 |       ||     4
 Stab: Sleeping          |     8 |     1 ||     9
       Distracted        |     2 |       ||     2
